furz, chaotic male elven Monk ---------- ------ -------- |........ |....- .......| |........| #|....| # |......| |.........#####|....| ---------- ### |......| ---- |........| ##|..>.. #+........| # ##........# |m@| --------|- ##.....| ###|......... ## # |......|# |+?| # #|....| ###.........| ## --------# |@.| ### ----|- ## ---.------ # # -d-- # #### ### ### ### # ## ### ### # # # # # # # # ### ### # ### #### #### # # # # # ---|-------- ---.-# ## ### # # |.........<| |....# ----.- # ###--|----- |..........| ....| |...>-###### #-......| |..........| |...+ |....| |......| ------------ ----- ------ -------- furz the Candidate Experience level: 1 Strength: 18 Dexterity: 13 Constitution: 12 Intelligence: 14 Wisdom: 13 Charisma: 9 Health: 0(12) Energy: 5(5) Def: 6 Gold: 261 Moves: 443 Dungeon seed: UYG1d2SX99Gio5kG Game ID: furz_1582942063 Your Inventory: Coins $ - 261 gold pieces Weapons j - the blessed +2 Mjollnir Armor e - a blessed +2 pair of leather gloves (being worn) n - an uncursed +1 robe (being worn) Comestibles d - 4 uncursed food rations f - 6 uncursed apples g - 6 uncursed oranges h - 4 uncursed fortune cookies Scrolls b - an uncursed scroll of remove curse Potions c - 3 uncursed potions of healing m - a blessed potion of sickness Rings k - an uncursed ring of cold immunity Tools i - an uncursed sack l - an uncursed oil lamp (0:1343) Gems q - an uncursed worthless piece of violet glass Spells and supernatural/magical abilities: Name Level Category Cost Memory z - sleep 1 enchantment 5pw 100% W - pray for help -- divine ? -- Your skills at the end: Fighting Skills martial arts [Basic] wands [Basic] Weapon Skills Spellcasting Skills healing spells [Basic] Final Attributes: You were piously aligned. You were immune to sleep. You saw invisible. You had infravision. You were fast. Huan Ti was noncommittal. You are dead. Vanquished creatures: 2 grid bugs 2 lichens a newt 5 creatures vanquished. Voluntary challenges: You were an atheist. You never hit with a wielded weapon. You read items or engraved 1 time, starting on turn 1. You never genocided any monsters. You never polymorphed an object. You never changed form. You used no wishes. You never split a pudding. You never wrote Elbereth's name. You violated your moral code, losing 11 points of alignment, starting on turn 111. Dungeon overview: The Dungeons of Doom: levels 1 to 3 Level 1 a long staircase Level 2 <- You were here a scroll shop, a vault stairs to The Gnomish Mines Level 3 The Gnomish Mines: Level 3 stairs to The Dungeons of Doom History has recorded: On T:1 you entered the Dungeons of Doom to retrieve the Amulet of Yendor! On T:20 you reached level 2 of The Dungeons of Doom. On T:340 you reached level 1 of The Gnomish Mines. On T:373 you reached level 3 of The Dungeons of Doom. Score breakdown: Gold: 261 ( 8226 points) Experience: 1 level ( 0 points) Exploration: 3 levels ( 6.12%) ( 6123 points) Discoveries: 0 items ( 0.00%) ( 0 points) Valuables value: (no points given unless you survive) Artifact value: 4000 (12253 points) Variety of kills: 3 monsters ( 0.79%) ( 2665 points) Turncount: 443 turns ( 0 points) Survival: died (score multiplied by 80%) Total score: 23413 Latest messages: You hear the chime of a cash register. This level must be housing a shop. You stop. Your little dog is in the way! You displace your little dog. The door resists! The door opens. The door resists! The door opens. "Hello, furz! Welcome to Nenagh's second-hand bookstore!" Nenagh talks about the problem of shoplifters. You see here a scroll labeled GARVEN DEH (177 zorkmids). You see here a scroll labeled GARVEN DEH (133 zorkmids). Wait! That's a small mimic! You hit the small mimic! The small mimic hits! You miss the small mimic. (2x) You hit the small mimic! (4x) The small mimic hits! You die... Nenagh gratefully inherits all your possessions. The sack is empty. The sack is empty. Final status: Goodbye furz the Monk, killed by a small mimic... You died in The Dungeons of Doom on dungeon level 2 with 23413 points, and 261 pieces of gold, after 443 moves. You were level 1 with a maximum of 12 hit points when you died.